[Event "Titled Tuesday Blitz February 07 Late 2023"]
[White "Saya, Ethan"]
[Black "Tan, Zhongyi"]
[WhiteFideId "26095181"]
[BlackFideId "8603642"]
[WhiteElo "2181"]
[BlackElo "2517"]
[Result "0-1"]
[Round "07"]
[TimeControl "180+2"]
[Date "2023.02.07"]
[WhiteClock "0:00:05"]
[BlackClock "0:00:11"]

1. d4 Nf6 2. c4 e6 3. g3 c5 4. d5 exd5 5. cxd5 d6 6. Bg2 g6 7. Nc3 Bg7 8. Nf3 O-O 9. O-O Re8 10. Nd2 Nbd7 11. Nc4 Nb6 12. Nxb6 Qxb6 13. a4 Nd7 14. Bf4 Ne5 15. Qc1 a6 16. a5 Qd8 17. Rd1 Bd7 18. Bh6 Bh8 19. Bg5 Qc7 20. Bd2 b5 21. axb6 Qxb6 22. Qc2 Bf5 23. e4 Bg4 24. Rdb1 Nf3+ 25. Kh1 Nd4 26. Qd3 Nb3 27. Ra3 c4 28. Qc2 Qxf2 29. Rxb3 cxb3 30. Qd3 Qd4 31. Qxd4 Bxd4 32. Ra1 f5 33. exf5 Bxf5 34. Ra3 Bc2 35. Bh3 Re5 36. Be6+ Kg7 37. Ra4 Bc5 38. Kg2 Rf8 39. Kh3 Bd3 40. Nd1 Bf1+ 41. Kg4 Be2+ 42. Kh3 Rh5+ 43. Kg2 Bxd1 44. Bc3+ Kh6 45. Bd2+ g5 46. h4 Bf3+ 47. Kh2 Kg7 48. Bxg5 Rxg5 49. hxg5 Bh5 50. Rxa6 Rf2+ 51. Kh3 Rxb2 52. Ra8 Bf7 53. Rb8 Bxe6+ 54. dxe6 Re2 55. Rb7+ Kg6 56. Rxb3 Rxe6 57. Kg4 Re5 58. Kf3 Rxg5 59. Rb8 Re5 60. Kf4 Rf5+ 61. Ke4 Re5+ 62. Kf4 Re6 63. Rg8+ Kf7 64. Rh8 Rf6+ 65. Kg4 Kg7 66. Rd8 Rg6+ 67. Kf4 Rf6+ 68. Kg4 Rf7 69. Kg5 h6+ 70. Kh5 Re7 71. g4 Re5+ 72. Kh4 Kg6 73. Rg8+ Kf7 74. Rh8 Kg7 75. Rd8 d5 76. Rd7+ Be7+ 77. Kg3 Kg6 78. Kf4 Bf6 79. Rd6 Re4+ 80. Kf3 Rd4 81. Kg3 Rd3+ 82. Kf4 Rd4+ 83. Kf3 Kg5 84. Rd7 Rf4+ 85. Ke3 d4+ 86. Kd3 Rxg4 87. Rxd4 Rxd4+ 0-1


[Site "https://www.chess.com"]

[Event "Titled Tuesday Blitz February 07 Late 2023"]
[White "Sokolovsky, Yahli"]
[Black "Becerra, Juan David"]
[WhiteFideId "2820242"]
[BlackFideId "4404998"]
[WhiteElo "2461"]
[BlackElo "2382"]
[Result "0-1"]
[Round "07"]
[TimeControl "180+2"]
[Date "2023.02.07"]
[WhiteClock "0:00:04"]
[BlackClock "0:00:04"]

1. b3 d5 2. e3 Nf6 3. Bb2 Bg4 4. Be2 Bxe2 5. Qxe2 c6 6. d4 Ne4 7. Nd2 Nxd2 8. Qxd2 e6 9. Nf3 Nd7 10. O-O Bd6 11. c4 O-O 12. Rfe1 f5 13. a4 Rf6 14. Ba3 Bc7 15. Qb4 Rb8 16. Qe7 Qxe7 17. Bxe7 Rf7 18. Bb4 h6 19. a5 a6 20. Bc3 g5 21. Nd2 g4 22. b4 Nf6 23. b5 Ne4 24. Nxe4 fxe4 25. bxa6 bxa6 26. Reb1 Rff8 27. Bb4 Rfc8 28. Bc5 Rxb1+ 29. Rxb1 Rb8 30. Rxb8+ Bxb8 31. Bb6 dxc4 32. Kf1 c3 33. Bc5 c2 34. Ba3 Bd6 35. Bb2 Bb4 36. Bc1 Bxa5 37. f3 gxf3 38. gxf3 exf3 39. Kf2 Bc3 40. Kxf3 a5 41. Ke2 e5 42. Kd3 exd4 43. exd4 Bb4 44. Kxc2 h5 45. Kb3 Kf7 46. Kc4 Ke6 47. h3 Bd6 48. Bd2 a4 49. Bc1 a3 50. Bd2 a2 51. Bc3 Be7 52. Kb3 Kd5 53. Kxa2 Kc4 54. Kb2 Bf6 55. Kc2 Bxd4 56. Ba5 c5 57. Kd2 Kd5 58. Ke2 Ke4 59. Kf1 c4 60. Kg2 Kd3 61. Bb4 Bc3 62. Bd6 Ba5 63. Be5 Bb6 64. Bb2 Bd4 65. Ba3 c3 66. Bb4 c2 67. Ba3 Bc5 68. Bc1 Bb4 69. Kf3 Bd2 70. Bb2 Kc4 71. Ke2 Kb3 0-1


[Site "https://www.chess.com"]

[Event "Titled Tuesday Blitz February 07 Late 2023"]
[White "Rottenwohrer Suarez, Juan"]
[Black "Taspinar, Yanki"]
[WhiteFideId "32068182"]
[BlackFideId "34561188"]
[WhiteElo "2265"]
[BlackElo "2262"]
[Result "0-1"]
[Round "07"]
[TimeControl "180+2"]
[Date "2023.02.07"]
[WhiteClock "0:00:05"]
[BlackClock "0:00:39"]

1. Nf3 Nf6 2. g3 g6 3. Bg2 Bg7 4. O-O O-O 5. b3 d5 6. Bb2 c5 7. e3 Nc6 8. Ne5 Nxe5 9. Bxe5 Bg4 10. Qc1 Rc8 11. h3 Bf5 12. Nc3 Qd7 13. Kh2 d4 14. Ne2 d3 15. cxd3 Bxd3 16. Bf3 Qf5 17. Qc3 Bxe2 18. Bxe2 Ne4 19. Bxg7 Nxc3 20. Bxc3 Rcd8 21. Kg2 b6 22. Bf3 Rd6 23. b4 c4 24. a4 Rfd8 25. Rfc1 a6 26. e4 Qe6 27. b5 a5 28. e5 Rd3 29. Bc6 Rxc3 30. Rxc3 Qxe5 31. Rac1 Rxd2 32. Rxc4 h5 33. Re4 Rxf2+ 34. Kxf2 Qb2+ 35. Kf3 Qxc1 36. Rxe7 Qf1+ 0-1


[Site "https://www.chess.com"]

[Event "Titled Tuesday Blitz February 07 Late 2023"]
[White "Preotu, Razvan"]
[Black "Remolar Gallen, Jose"]
[WhiteFideId "2613280"]
[BlackFideId "2215187"]
[WhiteElo "2475"]
[BlackElo "2285"]
[Result "1-0"]
[Round "07"]
[TimeControl "180+2"]
[Date "2023.02.07"]
[WhiteClock "0:00:13"]
[BlackClock "0:00:08"]

1. e4 c5 2. Nf3 d6 3. d4 cxd4 4. Nxd4 Nf6 5. Nc3 a6 6. Rg1 e5 7. Nb3 h5 8. Bg5 Be6 9. Qd2 Nbd7 10. O-O-O Be7 11. f4 Qc7 12. Kb1 Rc8 13. h3 b5 14. f5 Bxb3 15. Bxf6 Nxf6 16. axb3 b4 17. Nd5 Nxd5 18. exd5 Bg5 19. Qd3 Be3 20. Rh1 h4 21. Be2 O-O 22. f6 e4 23. Qxe4 Rfe8 24. Qd3 Bg5 25. Bg4 Rcd8 26. fxg7 Re3 27. Qf5 Qe7 28. Rhf1 Kxg7 29. Bh5 Rd7 30. Bxf7 Re5 31. Qg6+ 1-0


[Site "https://www.chess.com"]

[Event "Titled Tuesday Blitz February 07 Late 2023"]
[White "Tatarinov, Dmitry"]
[Black "Zierk, Steven"]
[WhiteFideId "24160067"]
[BlackFideId "2034255"]
[WhiteElo "2310"]
[BlackElo "2488"]
[Result "0-1"]
[Round "07"]
[TimeControl "180+2"]
[Date "2023.02.07"]
[WhiteClock "0:00:25"]
[BlackClock "0:00:50"]

1. d4 e6 2. Nf3 f5 3. g3 Nf6 4. Bg2 d5 5. O-O Bd6 6. c4 c6 7. b3 Qe7 8. Bb2 O-O 9. Nbd2 b6 10. a4 a5 11. Qc1 Na6 12. Ne5 Bb7 13. Ndf3 Rac8 14. cxd5 exd5 15. Qg5 Qe6 16. Rac1 Nb4 17. Qh4 Ne4 18. Ng5 Nxg5 19. Qxg5 Bxe5 20. dxe5 c5 21. Rfd1 Rf7 22. e3 h6 23. Qh5 Ba6 24. Rd2 Nd3 25. Rcd1 c4 26. bxc4 dxc4 27. Bc3 Bb7 28. Bxb7 Rxb7 29. Rb1 Rc5 30. Qh4 Kh7 31. e4 Nxe5 32. Bxe5 Qxe5 33. exf5 Qxf5 34. Rc1 c3 35. Rdc2 Rbc7 36. Qd4 Qf3 37. h4 Rd5 38. Qxb6 Rd1+ 39. Rxd1 Qxd1+ 40. Kh2 Qxc2 41. Qxc7 Qxf2+ 42. Kh3 Qf1+ 43. Kh2 Qe2+ 44. Kh3 c2 45. h5 0-1


[Site "https://www.chess.com"]

[Event "Titled Tuesday Blitz February 07 Late 2023"]
[White "Carrasco Miranda, Andres"]
[Black "Yuan, Qingyu"]
[WhiteFideId "3405990"]
[BlackFideId "8609772"]
[WhiteElo "2240"]
[BlackElo "2373"]
[Result "0-1"]
[Round "07"]
[TimeControl "180+2"]
[Date "2023.02.07"]
[WhiteClock "0:00:14"]
[BlackClock "0:00:18"]

1. d4 d5 2. c4 e6 3. Nf3 Nf6 4. g3 Bb4+ 5. Nbd2 O-O 6. Bg2 b6 7. O-O Bb7 8. a3 Be7 9. b4 c5 10. bxc5 bxc5 11. Rb1 Qc8 12. dxc5 Na6 13. Ne5 Nxc5 14. Bb2 Rb8 15. Qc2 Qc7 16. cxd5 Bxd5 17. Bxd5 Nxd5 18. Rfc1 Rfc8 19. Nd3 Qa5 20. Be5 Rxb1 21. Qxb1 f6 22. Nc4 Qa6 23. Nxc5 Rxc5 24. Bd6 Bxd6 0-1


[Site "https://www.chess.com"]

[Event "Titled Tuesday Blitz February 07 Late 2023"]
[White "Golubev, Mikhail"]
[Black "Tari, Aryan"]
[WhiteFideId "14100983"]
[BlackFideId "1510045"]
[WhiteElo "2461"]
[BlackElo "2642"]
[Result "1-0"]
[Round "07"]
[TimeControl "180+2"]
[Date "2023.02.07"]
[WhiteClock "0:00:22"]
[BlackClock "0:00:04"]

1. e4 c5 2. Nf3 d6 3. d4 cxd4 4. Nxd4 Nf6 5. Nc3 a6 6. Bc4 e6 7. O-O Be7 8. Bb3 O-O 9. f4 b5 10. e5 dxe5 11. fxe5 Nfd7 12. Be3 Nxe5 13. Qh5 Nbc6 14. Rad1 Qc7 15. Nxc6 Nxc6 16. Kh1 Bb7 17. Bf4 Qb6 18. Rd3 Bf6 19. Rh3 h6 20. Bxh6 g6 21. Qf3 Be5 22. Bxf8 Rxf8 23. Bxe6 Nd4 24. Bxf7+ Kg7 25. Qe3 Bf6 26. Nd5 Bxd5 27. Bxd5 Bg5 28. Qe5+ Bf6 29. Qf4 Nf5 30. Be4 Qd4 31. Bxf5 Qxf4 32. Rxf4 gxf5 33. Rg3+ Kf7 34. Rxf5 Ke6 35. Rgf3 Ke7 36. Rxf6 Rd8 37. Rf7+ Ke6 38. h3 Ke5 39. Kh2 1-0


[Site "https://www.chess.com"]

[Event "Titled Tuesday Blitz February 07 Late 2023"]
[White "Rustemov, Alexander"]
[Black "Filgueira, Hernan"]
[WhiteFideId "4119002"]
[BlackFideId "101770"]
[WhiteElo "2525"]
[BlackElo "2283"]
[Result "1-0"]
[Round "07"]
[TimeControl "180+2"]
[Date "2023.02.07"]
[WhiteClock "0:00:34"]
[BlackClock "0:00:03"]

1. d4 d5 2. c4 e6 3. Nc3 c6 4. e3 Nf6 5. Nf3 a6 6. c5 Nbd7 7. b4 g6 8. Bb2 Bg7 9. Bd3 O-O 10. h3 Ne8 11. Ne2 Qc7 12. O-O e5 13. dxe5 Nxe5 14. Nxe5 Bxe5 15. Qc2 Ng7 16. Bxe5 Qxe5 17. Qc3 Qe7 18. Nd4 Bd7 19. Rfe1 f5 20. f4 g5 21. Nf3 h6 22. Qe5 Qxe5 23. Nxe5 Be6 24. g3 Rfd8 25. Kf2 Kf8 26. Nf3 g4 27. Nd4 Bd7 28. Rh1 h5 29. a4 Ke7 30. Ke2 Kf6 31. Kd2 Rh8 32. h4 Rhc8 33. Rhc1 Ne8 34. Rab1 Nc7 35. Rb2 Ra7 36. Rcb1 Rca8 37. Kc3 Re8 38. Kd2 Rea8 39. Rb3 Re8 40. R1b2 Rea8 41. b5 axb5 42. axb5 cxb5 43. Bxb5 Bc8 44. Bd3 Ra2 45. Rb6+ Ke7 46. Nxf5+ Bxf5 47. Bxf5 Rxb2+ 48. Rxb2 Ra7 49. Rb6 Ra5 50. Rxb7 Rxc5 51. Bg6 Kf6 52. Bxh5 d4 53. Bxg4 dxe3+ 54. Kxe3 Rc3+ 55. Kf2 Nd5 56. Rb2 Ne3 57. Bf3 Nf5 58. h5 Nd4 59. Bg4 1-0


[Site "https://www.chess.com"]

[Event "Titled Tuesday Blitz February 07 Late 2023"]
[White "Brilej, Jaka"]
[Black "Pakleza, Zbigniew"]
[WhiteFideId "14618818"]
[BlackFideId "1119290"]
[WhiteElo "2321"]
[BlackElo "2494"]
[Result "1/2-1/2"]
[Round "07"]
[TimeControl "180+2"]
[Date "2023.02.07"]
[WhiteClock "0:00:03"]
[BlackClock "0:00:01"]

1. Nf3 d5 2. d4 Bf5 3. c4 e6 4. Nc3 c6 5. Qb3 Qb6 6. c5 Qc7 7. Bf4 Qc8 8. e3 Nf6 9. Nh4 Be4 10. f3 Bg6 11. Nxg6 hxg6 12. Bd3 Nh5 13. Bg5 Ng3 14. Rg1 Nf5 15. O-O-O Nd7 16. Bxf5 gxf5 17. e4 f6 18. Be3 Qc7 19. exf5 exf5 20. g3 O-O-O 21. Bf4 Qa5 22. h4 g6 23. Rde1 Bh6 24. Bxh6 Rxh6 25. f4 g5 26. fxg5 fxg5 27. hxg5 Rg6 28. g4 Rxg5 29. gxf5 Rxf5 30. Qc2 Rf4 31. Qd2 Rdf8 32. Re8+ Rxe8 33. Qxf4 Qc7 34. Qxc7+ Kxc7 35. Rg7 b6 36. b4 Rh8 37. Kc2 Rh2+ 38. Kd3 Rh3+ 39. Kc2 Rf3 40. Rh7 Re3 41. Rg7 Kd8 42. Rh7 Kc8 43. a4 Rf3 44. b5 bxc5 45. bxc6 Nb8 46. Nxd5 Nxc6 47. Rc7+ Kb8 48. Rxc6 cxd4 49. Rc4 d3+ 50. Kd2 Kb7 51. Ne3 Ka6 52. Kxd3 Rh3 53. Rc5 Rh4 54. Nc4 Rh3+ 55. Kd4 Rh4+ 56. Kc3 Rh1 57. Ra5+ Kb7 58. Rb5+ Ka6 59. Rb3 Rh3+ 60. Kb4 Rh8 61. Rd3 Rb8+ 62. Ka3 Rc8 63. Rd6+ Kb7 64. Kb4 Rg8 65. a5 Rg1 66. a6+ Kc7 67. Rh6 Rg5 68. Rh7+ Kb8 69. Rb7+ Ka8 70. Ka4 Ra5+ 71. Kb4 Ra4+ 72. Kb3 Rxc4 73. Kxc4 1/2-1/2


[Site "https://www.chess.com"]

[Event "Titled Tuesday Blitz February 07 Late 2023"]
[White "Halkias, Stelios"]
[Black "Prem, Pranav"]
[WhiteFideId "4201809"]
[BlackFideId "30901057"]
[WhiteElo "2511"]
[BlackElo "2061"]
[Result "1-0"]
[Round "07"]
[TimeControl "180+2"]
[Date "2023.02.07"]
[WhiteClock "0:00:25"]
[BlackClock "0:00:10"]

1. c4 e6 2. Nf3 d5 3. e3 Nf6 4. Nc3 Be7 5. b3 O-O 6. Qc2 c5 7. Bb2 Nc6 8. cxd5 exd5 9. d4 cxd4 10. Nxd4 Nxd4 11. exd4 Re8 12. Be2 Bg4 13. O-O Bxe2 14. Nxe2 Bd6 15. Qd3 Qd7 16. Ng3 Ne4 17. Rfe1 Nxg3 18. hxg3 Bb4 19. Re5 f6 20. Rh5 g6 21. Rh4 Rac8 22. Rf4 Kg7 23. Rd1 Re6 24. Bc1 Rce8 25. Be3 Rc6 26. Rf3 Rc3 27. Qb1 Rec8 28. Rf4 Ba3 29. Rh4 Qc6 30. Re1 Qd7 31. Qd1 Qf5 32. Qe2 Rc2 33. Qb5 R8c7 34. Bh6+ 1-0


[Site "https://www.chess.com"]

[Event "Titled Tuesday Blitz February 07 Late 2023"]
[White "Toncheva, Nadya"]
[Black "Alex_Sahakyan2006"]
[WhiteFideId "2924056"]
[WhiteElo "2295"]
[BlackElo "2733"]
[Result "0-1"]
[Round "07"]
[TimeControl "180+2"]
[Date "2023.02.07"]
[WhiteClock "0:00:06"]
[BlackClock "0:00:05"]

1. e4 g6 2. d4 Bg7 3. c4 c5 4. d5 b5 5. cxb5 a6 6. b6 d6 7. Qb3 Bb7 8. a4 a5 9. Nf3 Nd7 10. Bb5 Nf6 11. Nc3 O-O 12. O-O Nxb6 13. Bg5 Rb8 14. Qc2 Na8 15. Nd2 Nc7 16. Bd3 Na6 17. Qc1 Nb4 18. Be2 Nd7 19. Nc4 Ba6 20. Bh6 Bxc4 21. Bxc4 Bxh6 22. Qxh6 Nc2 23. Rab1 Ne5 24. Bb5 Nd4 25. h3 f5 26. exf5 Rxf5 27. Rbe1 Rh5 28. Qe3 Nc2 29. Qe2 Nxe1 30. Rxe1 Qf8 31. Qe3 Rf5 32. f3 Qf7 33. Qe2 Rf8 34. Qe3 Qf6 35. Ne4 Qh4 36. Re2 Rxf3 37. gxf3 Rxf3 38. Qg5 Qxh3 39. Qg2 Qh5 40. Ng3 Qg4 41. Re4 Qxg3 42. Qxg3 Rxg3+ 43. Kf2 Rf3+ 44. Ke2 Rb3 45. Kd2 Rxb2+ 46. Kc3 Rb1 47. Rf4 Kg7 48. Rf2 g5 49. Kc2 Rb4 50. Kc3 h5 51. Rf5 Kg6 52. Rf8 h4 53. Ra8 h3 54. Rh8 Rh4 55. Rxh4 gxh4 56. Bf1 h2 57. Bg2 Kf5 58. Bh1 Kf4 59. Kd2 Kg3 60. Ke3 c4 61. Ke4 Kf2 62. Kf4 c3 0-1


[Site "https://www.chess.com"]

[Event "Titled Tuesday Blitz February 07 Late 2023"]
[White "Cuenca Jimenez, Jose Fernando"]
[Black "Kaplan, Avi Harrison"]
[WhiteFideId "2255570"]
[BlackFideId "30934559"]
[WhiteElo "2535"]
[BlackElo "2146"]
[Result "0-1"]
[Round "07"]
[TimeControl "180+2"]
[Date "2023.02.07"]
[WhiteClock "0:00:01"]
[BlackClock "0:00:12"]

1. d4 g6 2. c4 Bg7 3. Nc3 c5 4. d5 Bxc3+ 5. bxc3 f5 6. e4 fxe4 7. f3 d6 8. fxe4 Nf6 9. Bd3 O-O 10. Nf3 Bg4 11. Bh6 Rf7 12. O-O Nbd7 13. h3 Bxf3 14. gxf3 Nh5 15. f4 b5 16. cxb5 c4 17. Bxc4 Rc8 18. Be2 Ng3 19. Bg4 Nxf1 20. Qxf1 Rxc3 21. Qf2 Nc5 22. Rd1 Qa5 23. f5 Nxe4 24. Qd4 Rg3+ 25. Kh1 gxf5 26. Bh5 Rf6 27. Rg1 Rxh6 28. Rxg3+ Nxg3+ 29. Kg2 Nxh5 30. Qc4 Rg6+ 31. Kf3 Rg3+ 32. Kf2 Qd2+ 0-1


[Site "https://www.chess.com"]

[Event "Titled Tuesday Blitz February 07 Late 2023"]
[White "Bjelobrk, Igor"]
[Black "Przybylski, Wojciech"]
[WhiteFideId "4300726"]
[BlackFideId "1117599"]
[WhiteElo "2403"]
[BlackElo "2321"]
[Result "0-1"]
[Round "07"]
[TimeControl "180+2"]
[Date "2023.02.07"]
[WhiteClock "0:00:12"]
[BlackClock "0:00:03"]

1. d4 d5 2. c4 c6 3. cxd5 cxd5 4. Nf3 Nf6 5. Nc3 Nc6 6. Bf4 a6 7. Rc1 e6 8. e3 Be7 9. Bd3 Bd7 10. h3 b5 11. O-O Rc8 12. Qe2 Qb6 13. Rfd1 O-O 14. Ne5 Na5 15. Bg5 Rfd8 16. a4 Nc4 17. axb5 Bxb5 18. b3 Nd6 19. Nxb5 axb5 20. Bxf6 Bxf6 21. Rxc8 Rxc8 22. Nd7 Qa5 23. Nxf6+ gxf6 24. Qg4+ Kf8 25. Bxh7 Qa2 26. Rb1 f5 27. Qg8+ Ke7 28. Qg5+ Kd7 29. Rf1 Qxb3 30. h4 b4 31. h5 Qa2 32. Bg8 b3 33. h6 b2 34. h7 b1=Q 35. Rxb1 Qxb1+ 36. Kh2 Ne4 37. Qg7 Qb8+ 38. g3 Nd6 39. Bxf7 Kc6 40. Bg8 Qb2 41. Kg2 Ne4 42. h8=Q Qxf2+ 43. Kh3 Qf1+ 44. Kh4 Qh1# 0-1


[Site "https://www.chess.com"]

[Event "Titled Tuesday Blitz February 07 Late 2023"]
[White "Gascon Del Nogal, Jose Rafael"]
[Black "Petrovic, Aleksa"]
[WhiteFideId "3902463"]
[BlackFideId "967629"]
[WhiteElo "2459"]
[BlackElo "2332"]
[Result "1-0"]
[Round "07"]
[TimeControl "180+2"]
[Date "2023.02.07"]
[WhiteClock "0:00:19"]
[BlackClock "0:00:02"]

1. e4 c6 2. d4 d5 3. e5 c5 4. c3 Nc6 5. Be2 Bf5 6. Nf3 e6 7. O-O Nge7 8. dxc5 Ng6 9. b4 Ngxe5 10. Nxe5 Nxe5 11. Nd2 Be7 12. Nf3 Nxf3+ 13. Bxf3 O-O 14. Bf4 Qd7 15. c4 d4 16. Re1 Rad8 17. Qd2 f6 18. g4 Bg6 19. Bg3 e5 20. h3 Bf7 21. Qd3 Be6 22. Be4 h5 23. f3 Rde8 24. Bg6 Bf7 25. Kg2 Bd8 26. gxh5 Bc7 27. Re2 Re7 28. Rae1 Be6 29. Bh7+ Kh8 30. Bg6 Bxh3+ 31. Kf2 Be6 32. Rh1 Bf7 33. Ree1 Bxg6 34. hxg6+ Kg8 35. Qd1 e4 36. Rh8+ Kxh8 37. Rh1+ Kg8 38. Rh8+ 1-0


[Site "https://www.chess.com"]

[Event "Titled Tuesday Blitz February 07 Late 2023"]
[White "Yeritsyan, Hayk"]
[Black "Adewumi, Tanitoluwa"]
[WhiteFideId "13307320"]
[BlackFideId "30966396"]
[WhiteElo "2241"]
[BlackElo "2283"]
[Result "0-1"]
[Round "07"]
[TimeControl "180+2"]
[Date "2023.02.07"]
[WhiteClock "0:01:35"]
[BlackClock "0:01:02"]

1. d4 Nf6 2. Nf3 e6 3. e3 b6 4. Bd3 Bb7 5. Nbd2 Be7 6. c3 O-O 7. O-O c5 8. Qe2 Nc6 9. Re1 Rc8 10. a3 cxd4 11. exd4 d5 12. Ne5 Bd6 13. f4 Ne7 14. Qf3 Bb8 15. g4 Nd7 16. Qh3 Ng6 17. Qg3 Nxf4 18. Qxf4 f6 19. Qe3 fxe5 20. dxe5 Nxe5 21. h3 Qh4 22. Nf1 Nf3+ 23. Kg2 Nxe1+ 0-1


[Site "https://www.chess.com"]

[Event "Titled Tuesday Blitz February 07 Late 2023"]
[White "Dourerassou, Jonathan"]
[Black "Flynn, Jacob"]
[WhiteFideId "628050"]
[BlackFideId "2509393"]
[WhiteElo "2414"]
[BlackElo "2102"]
[Result "1-0"]
[Round "07"]
[TimeControl "180+2"]
[Date "2023.02.07"]
[WhiteClock "0:00:06"]
[BlackClock "0:00:16"]

1. d4 Nf6 2. Bg5 d5 3. Bxf6 gxf6 4. e3 c5 5. c3 Nc6 6. Nf3 e5 7. dxe5 fxe5 8. Bb5 Qf6 9. Qxd5 Bd7 10. Nbd2 O-O-O 11. Ne4 Qg6 12. O-O-O Be6 13. Bxc6 Bxd5 14. Bxd5 f5 15. Neg5 e4 16. Bxb7+ Kxb7 17. Rxd8 exf3 18. h4 h6 19. Nxf3 Qxg2 20. Rd7+ Ka6 21. Rg1 Qxf3 22. Rg6+ Kb5 23. b3 c4 24. a4+ Kc5 25. b4# 1-0


[Site "https://www.chess.com"]

[Event "Titled Tuesday Blitz February 07 Late 2023"]
[White "Herman, Daniel"]
[Black "Leiva, Gianmarco"]
[WhiteFideId "30935008"]
[BlackFideId "3804399"]
[WhiteElo "1956"]
[BlackElo "2392"]
[Result "1-0"]
[Round "07"]
[TimeControl "180+2"]
[Date "2023.02.07"]
[WhiteClock "0:00:20"]
[BlackClock "0:00:04"]

1. d4 d5 2. c4 e6 3. Nc3 Nf6 4. cxd5 exd5 5. Bg5 c6 6. e3 h6 7. Bh4 Be7 8. Bd3 O-O 9. Qc2 Na6 10. a3 c5 11. Nf3 c4 12. Bf5 Nc7 13. Ne5 Bxf5 14. Qxf5 Qc8 15. g4 Re8 16. Rg1 Qxf5 17. gxf5 Nh5 18. Bxe7 Rxe7 19. Kd2 b5 20. Rg2 a5 21. Rag1 Ra6 22. Ne2 b4 23. Nf4 Rxe5 24. dxe5 Nxf4 25. Rxg7+ Kf8 26. exf4 d4 27. f6 Ke8 28. Rg8+ Kd7 29. f5 Nd5 30. R1g7 c3+ 31. bxc3 bxc3+ 32. Kc2 Rb6 33. Rxf7+ Kc6 34. Rc8+ Kb5 35. Rd7 d3+ 36. Kxd3 Nf4+ 37. Kxc3 Ka4 38. Rc4+ Kxa3 39. Rxf4 h5 40. f7 h4 41. f8=Q+ Ka2 42. Ra4+ Kb1 43. Qa3 Rc6+ 44. Kd3 Rc3+ 45. Kxc3 h3 46. Qb2# 1-0


[Site "https://www.chess.com"]

[Event "Titled Tuesday Blitz February 07 Late 2023"]
[White "Mgeladze, Tamaz"]
[Black "Sarkar, Justin"]
[WhiteFideId "13601202"]
[BlackFideId "2010011"]
[WhiteElo "2388"]
[BlackElo "2309"]
[Result "1-0"]
[Round "07"]
[TimeControl "180+2"]
[Date "2023.02.07"]
[WhiteClock "0:00:55"]
[BlackClock "0:00:03"]

1. c4 g5 2. Nc3 Bg7 3. g3 c5 4. Bg2 Nc6 5. Nf3 g4 6. Nh4 d6 7. d3 e6 8. h3 h5 9. e3 f5 10. Bd2 Bf6 11. Ng6 Rh6 12. Nf4 Bd7 13. f3 h4 14. fxg4 hxg3 15. gxf5 exf5 16. Qf3 Ne5 17. Qe2 Ne7 18. O-O-O Rc8 19. b3 Kf7 20. d4 N5c6 21. d5 Ne5 22. e4 1-0


[Site "https://www.chess.com"]

[Event "Titled Tuesday Blitz February 07 Late 2023"]
[White "Kalajzic, Ivan"]
[Black "Gutenev, Alexander"]
[WhiteFideId "14506378"]
[BlackFideId "4195540"]
[WhiteElo "2062"]
[BlackElo "2455"]
[Result "0-1"]
[Round "07"]
[TimeControl "180+2"]
[Date "2023.02.07"]
[WhiteClock "0:00:01"]
[BlackClock "0:01:32"]

1. b3 a5 2. a3 c5 3. e3 a4 4. Bb2 axb3 5. cxb3 Nf6 6. Nf3 e6 7. Bb5 Be7 8. O-O O-O 9. d3 b6 10. Nbd2 Bb7 11. Re1 Na6 12. d4 Nc7 13. Bd3 d6 14. e4 Nd7 15. e5 d5 16. Nf1 Ba6 17. Bb1 Nb5 18. a4 Nxd4 19. Nxd4 cxd4 20. Bxd4 Bc5 21. Ng3 Qh4 22. Bxc5 bxc5 23. Bd3 Rfb8 24. Bxa6 Rxa6 25. Qc2 Qb4 26. Re3 g6 27. Ne2 d4 28. Re4 Qxb3 29. Qxb3 Rxb3 30. Nc1 Rb4 31. Nd3 Rbxa4 32. Rxa4 Rxa4 33. h4 h5 34. g4 hxg4 35. Rxg4 Kf8 36. h5 gxh5 37. Rg5 c4 38. Nf4 c3 39. Nd3 c2 40. Rxh5 Nc5 41. Nc1 Ra1 42. Kg2 Rxc1 43. Rh8+ Ke7 44. Rc8 Rg1+ 45. Kf3 c1=Q 46. Rc7+ Kd8 47. Rd7+ Kxd7 48. Ke2 Qd1# 0-1


[Site "https://www.chess.com"]

[Event "Titled Tuesday Blitz February 07 Late 2023"]
[White "Klose, Eli"]
[Black "Gardezi, Arsal"]
[WhiteFideId "16242955"]
[BlackFideId "30949521"]
[WhiteElo "1519"]
[BlackElo "2093"]
[Result "1-0"]
[Round "07"]
[TimeControl "180+2"]
[Date "2023.02.07"]
[WhiteClock "0:00:13"]
[BlackClock "0:00:11"]

1. e4 e5 2. Nf3 Nc6 3. d4 exd4 4. Bc4 Bc5 5. Ng5 Nh6 6. Nxf7 Nxf7 7. Bxf7+ Kxf7 8. Qh5+ g6 9. Qxc5 d6 10. Qb5 Re8 11. Qd5+ Be6 12. Qb5 Bc8 13. O-O Rxe4 14. Qd5+ Re6 15. Nd2 Kg7 16. Nf3 Ne5 17. Nxd4 Re8 18. f4 Ng4 19. f5 Re5 20. Qf3 Qh4 21. h3 Nf6 22. fxg6 Qxd4+ 23. Kh1 Rf5 24. Bf4 Nh5 25. gxh7 Nxf4 26. c3 Qf6 27. g4 Re5 28. Qg3 Re4 29. g5 Qf5 30. Qh4 Qxh3+ 31. Qxh3 Bxh3 32. Rf2 Nd3 33. Rf3 Rg4 34. Rxd3 Bg2+ 35. Kh2 Rxg5 36. Rg1 Rh8 37. Rxg2 Rxh7+ 38. Kg1 Rxg2+ 39. Kxg2 Kf6 40. Rd4 Ke5 41. a4 Rg7+ 42. Kf3 Rh7 43. Ke3 Rh3+ 44. Kd2 Rh2+ 45. Kc1 c5 46. Rg4 Kd5 47. Kb1 Rh1+ 48. Ka2 Rh2 49. Ka3 Rh1 50. Kb3 Ra1 51. Rg7 Kc6 52. Rg5 c4+ 53. Kxc4 Rxa4+ 54. b4 Ra3 55. Rg7 b5+ 56. Kd4 Ra1 57. Rg5 Rd1+ 58. Ke3 Rc1 59. Kd3 Rd1+ 60. Kc2 Rf1 61. Rg7 Ra1 62. Kb3 a5 63. Kb2 Ra4 64. bxa5 Rxa5 65. Kc2 Ra2+ 66. Kb3 Rf2 67. Rg5 Rf3 68. Kb4 Rf4+ 69. Kb3 Re4 70. Rh5 d5 71. Rh8 Kc5 72. Rc8+ Kb6 73. Ra8 d4 74. cxd4 Rxd4 75. Rh8 Rf4 76. Kb2 Kc5 77. Rh2 Kb4 78. Rg2 Rf3 79. Rh2 Rf4 80. Rg2 Kc4 81. Rh2 b4 82. Rg2 Rd4 83. Rh2 Kb5 84. Rf2 Ka4 85. Rg2 b3 86. Rf2 Re4 87. Rg2 Kb4 88. Rf2 Rg4 89. Rf1 Rg2+ 90. Kb1 Ka4 91. Re1 Ka3 92. Rf1 Ra2 93. Re1 b2 94. Re3+ Kb4 95. Kxa2 b1=Q+ 1-0


[Site "https://www.chess.com"]

[Event "Titled Tuesday Blitz February 07 Late 2023"]
[White "Gurevich, Ilya"]
[Black "Sielecki, Christof"]
[WhiteFideId "2000628"]
[BlackFideId "4620437"]
[WhiteElo "2586"]
[BlackElo "2419"]
[Result "1/2-1/2"]
[Round "07"]
[TimeControl "180+2"]
[Date "2023.02.07"]
[WhiteClock "0:00:03"]
[BlackClock "0:00:11"]

1. d4 d5 2. c4 e6 3. Nc3 Nf6 4. Bg5 dxc4 5. e3 c5 6. Bxc4 cxd4 7. exd4 Nc6 8. Nf3 Be7 9. O-O O-O 10. Rc1 a6 11. a4 h6 12. Be3 Qa5 13. Qe2 Rd8 14. Rfd1 Qh5 15. h3 Nd5 16. Nxd5 exd5 17. Bd3 Bf5 18. Ne5 Qxe2 19. Bxe2 Bd7 20. Nxd7 Rxd7 21. Rc3 Bd6 22. Bf3 Ne7 23. Rdc1 Rdd8 24. Kf1 f5 25. g3 Kf7 26. h4 Ke6 27. Ke2 Rac8 28. Kd3 Rc6 29. Rxc6 Nxc6 30. Re1 Nb4+ 31. Kd2 Kf6 32. Rc1 Bb8 33. Rc3 Ke6 34. Rc1 Bd6 35. Re1 Kf6 36. Rc1 a5 37. Bg2 g5 38. hxg5+ hxg5 39. Rh1 f4 40. Rh6+ Ke7 41. Rh7+ Ke6 42. gxf4 gxf4 43. Bh3+ Kf6 44. Rh6+ Ke7 45. Rh7+ Kf6 46. Rh6+ Ke7 47. Rh7+ Kf6 1/2-1/2


[Site "https://www.chess.com"]

[Event "Titled Tuesday Blitz February 07 Late 2023"]
[White "Iljin, Timofey"]
[Black "Schroeder, Jan-Christian"]
[WhiteFideId "14110180"]
[BlackFideId "24662259"]
[WhiteElo "2329"]
[BlackElo "2553"]
[Result "0-1"]
[Round "07"]
[TimeControl "180+2"]
[Date "2023.02.07"]
[WhiteClock "0:00:01"]
[BlackClock "0:00:18"]

1. d4 Nf6 2. c4 e6 3. Nc3 Bb4 4. e3 c5 5. a3 Bxc3+ 6. bxc3 b6 7. Bd3 Nc6 8. Ne2 O-O 9. e4 Ne8 10. O-O Ba6 11. f4 f5 12. exf5 exf5 13. dxc5 bxc5 14. Be3 d6 15. Ng3 g6 16. Re1 Ng7 17. Nf1 Re8 18. Bf2 Qf6 19. Qc2 Rab8 20. Ne3 Ne7 21. Nd5 Nxd5 22. cxd5 Bxd3 23. Qxd3 Nh5 24. g3 Qf7 25. Rxe8+ Rxe8 26. Re1 Nf6 27. c4 Ne4 28. Rb1 h5 29. Be1 Kh7 30. Bc3 h4 31. gxh4 Qe7 32. Be1 Nf6 33. Bg3 Qf7 34. Qb3 Ng4 35. Qb8 Rxb8 36. Rxb8 Qf6 37. Rb7+ Kh6 38. Rb1 Qd4+ 39. Kg2 Qe4+ 40. Kh3 Qxb1 41. h5 Kxh5 42. Kg2 Qc2+ 43. Kf3 Qd1+ 44. Kg2 Qe2+ 45. Kg1 Ne3 46. h3 Qg2# 0-1


[Site "https://www.chess.com"]